 Dungeon Crawl Stone Soup version 0.29-a0-275-g389c0b56f3 (webtiles) character file.

Game seed: 3114146866487467520

18792 paterick123 the Marksspriggan (level 12, -1/63 HPs)
             Began as a Spriggan Hunter on Mar 10, 2022.
             Was a High Priest of Nemelex Xobeh.
             Killed by an exploding killer bee (27 damage)
             ... ignited by their inner flame
             ... on level 3 of the Lair of Beasts.
             The game lasted 01:00:10 (15147 turns).

paterick123 the Marksspriggan (Spriggan Hunter)    Turns: 15147, Time: 01:00:10

Health: -1/63      AC:  5    Str:  8    XL:     12   Next: 30%
Magic:  19/19      EV: 41    Int: 12    God:    Nemelex Xobeh [*****.]
Gold:   628        SH:  5    Dex: 34    Spells: 11/11 levels left

rFire   . . .      SeeInvis +   a - +2 shortbow
rCold   . . .      Faith    .   (shield currently unavailable)
rNeg    . . .      Spirit   .   v - +2 robe
rPois   +          Reflect  +   (helmet restricted)
rElec   +          Harm     .   q - +0 cloak
rCorr   .          Rampage  .   (gloves unavailable)
Will    +....                   (boots unavailable)
Stlth   +++.......              i - amulet of reflection
HPRegen 0.20/turn               t - ring "Takefes" {rElec rPois Will- EV+4 Dex+7}
MPRegen 0.16/turn               K - +6 ring of dexterity

@: very quick
A: very small, no large weapons, unfitting armour, see invisible, speed 3
a: Renounce Religion, Draw Escape, Draw Destruction, Draw Summoning, Triple
Draw, Deal Four, Stack Five


You were on level 3 of the Lair of Beasts.
You worshipped Nemelex Xobeh.
Nemelex Xobeh was extremely pleased with you.
You visited 2 branches of the dungeon, and saw 13 of its levels.
You also visited: Ossuary.

You collected 628 gold pieces.

Inventory:

Hand Weapons
 a - a +2 shortbow (weapon)
 e - a +0 dagger of speed
 n - a +4 short sword of flaming
 G - a +4 dagger
 L - the +3 dagger "Socsoll" {holy, rF- Int+7}
   (You found it on level 3 of the Lair of Beasts)

   It has been blessed by the Shining One to cause great damage to the undead
   and demons.
   Int:       It affects your intelligence (+7).
   rF:        It makes you vulnerable to fire.
Armour
 b - a +0 robe
 q - a +0 cloak (worn)
 v - a +2 robe (worn)
Jewellery
 d - an amulet of magic regeneration
 i - an amulet of reflection (around neck)
 k - a ring of protection from cold
 t - the ring "Takefes" (left hand) {rElec rPois Will- EV+4 Dex+7}
   (You found it on level 3 of the Dungeon)

   [ring of evasion]

   EV:        It affects your evasion (+4).
   Dex:       It affects your dexterity (+7).
   rElec:     It insulates you from electricity.
   rPois:     It protects you from poison.
   Will:      It decreases your willpower.
 F - a +6 ring of strength
 K - a +6 ring of dexterity (right hand)
Wands
 s - a wand of iceblast (12)
 E - a wand of polymorph (3)
 H - a wand of acid (11)
 I - a wand of paralysis (11)
Scrolls
 c - 3 scrolls of immolation
 m - 5 scrolls of teleportation
 u - 3 scrolls of blinking
 w - a scroll of summoning
 x - 3 scrolls of amnesia
 y - 2 scrolls of fear
 B - 2 scrolls of fog
 C - a scroll of magic mapping
Potions
 f - 3 potions of berserk rage
 g - 3 potions of flight
 h - a potion of ambrosia
 j - a potion of cancellation
 l - 6 potions of curing
 o - 5 potions of lignification
 p - 2 potions of resistance
 r - 2 potions of haste
 z - a potion of brilliance
 A - a potion of might
 D - 2 potions of heal wounds
 J - 2 potions of attraction


   Skills:
 + Level 7.1 Fighting
 - Level 16.0 Bows
 + Level 13.2 Dodging
 - Level 1.7 Stealth
 + Level 9.2 Invocations


You had 11 spell levels left.
You didn't know any spells.
Your spell library contained the following spells:

 Spells                   Type           Power      Damage    Failure   Level
 Sting                    Tmut/Pois      0%         1d3       32%         1
 Poisonous Vapours        Pois/Air       0%         N/A       45%         2
 Static Discharge         Conj/Air       0%         N/A       45%         2
 Confusing Touch          Hex            0%         N/A       69%         3
 Conjure Flame            Conj/Fire      0%         6-21      69%         3
 Gell's Gravitas          Tloc           0%         N/A       69%         3
 Ignite Poison            Fire/Tmut/Pois 0%         N/A       69%         3
 Teleport Other           Tloc           0%         N/A       69%         3
 Dispel Undead            Necr           0%         3d6       97%         4
 Olgreb's Toxic Radiance  Pois           0%         N/A       97%         4
 Passage of Golubria      Tloc           0%         N/A       97%         4
 Petrify                  Tmut/Erth      0%         N/A       97%         4
 Sticky Flame             Conj/Fire      0%         2d3       97%         4
 Fireball                 Conj/Fire      0%         3d3       100%        5
 Metabolic Englaciation   Hex/Ice        0%         N/A       100%        5
 Silence                  Hex/Air        0%         N/A       100%        5
 Yara's Violent Unravell  Hex/Tmut       0%         3d3       100%        5
 Dispersal                Tloc           0%         N/A       100%        6
 Starburst                Conj/Fire      0%         6d3       100%        6
 Statue Form              Tmut/Erth      0%         N/A       100%        6
 Enfeeble                 Hex            0%         N/A       100%        7
 Ignition                 Fire           0%         3d3       100%        8
 Lehudib's Crystal Spear  Conj/Erth      0%         10d2      100%        8


Dungeon Overview and Level Annotations

Branches:
Dungeon (10/15)            Temple (0/1) D:7            Lair (3/6) D:8
  Swamp (0/4) Lair:3        Snake (0/4) Lair:3          Orc (0/2) D:9
Ossuary (visited)

Altars:
Ashenzari
Elyvilon
Fedhas
Nemelex Xobeh
Wu Jian

Shops:
D:2 (

Annotations:
D:4 2 transporters, Esekla's ghost, amateur OpDe


Innate Abilities, Weirdness & Mutations

You are very small and have problems with some larger weapons.
You are too small for most types of armour.
You have supernaturally acute eyesight. (SInv)
You cover ground extremely quickly. (Speed+++)


Message History

You shoot an arrow.
The arrow closely misses the killer bee.
The killer bee buzzes angrily. x2
The arrow hits the killer bee!
You kill the killer bee!
A killer bee comes into view.
The killer bee completely misses you.
You shoot an arrow. The killer bee buzzes angrily. x2
The arrow hits the killer bee!
You kill the killer bee!
You hear an angry buzzing noise.
Really read the scroll of immolation?
As you read the scroll of immolation, it crumbles to dust.
The creatures around you are filled with an inner flame!
The killer bee completely misses you.
You shoot an arrow.
The arrow closely misses the killer bee.
The arrow hits the killer bee.
Flame seeps out of the killer bee.
The killer bee is moderately wounded.
The killer bee is engulfed in blazing flames.
Flame seeps out of the killer bee.
You block the killer bee's attack. The killer bee completely misses you.
Shoot: a) +2 shortbow
Press: ? - help, Q - select action, (/) - cycle Shift-Dir - straight line, f - killer bee, p - killer bee
Aim: a killer bee (almost dead, inner flame, 61% to hit)
You shoot an arrow. The arrow hits the killer bee!!
The killer bee explodes!
The fiery explosion engulfs the killer bee!
Flame seeps out of the killer bee.
The killer bee is severely wounded.
The fiery explosion engulfs you!!!
Ouch! That really hurt!
The fiery explosion engulfs the killer bee!!
The killer bee explodes!
The fiery explosion engulfs the killer bee!
The killer bee explodes!
The fiery explosion engulfs you!!
You die...
Your body glows with a rainbow of weird colours and disappears.

##.....#.....P##..## ..†
#.......P..........# †!..
#..................##!!†.†
....................#y.. ###
....^...........>..yyy #.#
#...............§§§y# #.#
#..............§§§○########.##
#..............§§§#.#†##P#...# #
P..............§@§§.†.......## #
†Y...[......................## #
..................#...##.†...# ##
........^.###.....##.........###.
..†....##. #..#...#....#....†....
......... ..........>............
..................##.............
...........##.#..##..##....###...
......#.. ## ####....##.P...


You could see 5 killer bees.

Vanquished Creatures
  A catoblepas (Lair:3)
  A two-headed ogre (D:9)
  Pikel (D:5)
  3 black mambas
  Maurice (D:8)
  7 cane toads
  An unseen horror (D:9)
  3 komodo dragons
  A troll (D:9)
  A queen bee (Lair:3)
  3 hornets
  A polar bear (Lair:2)
  4 blink frogs (Lair:2)
  2 wyverns
  2 basilisks
  19 yaks
  A vampire (D:9)
  Eustachio (D:5)
  Edmund (D:4)
  7 water moccasins
  3 black bears
  6 orc warriors
  2 ice beasts
  2 sky beasts
  2 ogres
  6 wolves (Lair:2)
  2 centaurs
  A lemure (D:5)
  3 kobold brigands
  Blork the orc (D:5)
  2 gnoll sergeants
  2 necrophages
  3 scorpions
  6 bullfrogs
  9 wights
  22 killer bees
  4 howler monkeys
  3 hounds
  A jelly (D:6)
  8 orc priests
  Crazy Yiuf (D:2)
  Natasha (twice) (D:4)
  Terence (D:2)
  3 iguanas
  8 orc wizards
  2 hell rats (Lair:3)
  12 mummies (Ossuary)
  Robin (D:4)
  14 gnolls
  8 adders
  7 river rats (Lair:3)
  A white imp (D:7)
  2 ufetubi
  3 worms
  4 dart slugs
  29 orcs
  5 endoplasms
  A giant cockroach (D:2)
  13 goblins
  10 hobgoblins
  6 quokkas
  7 ball pythons
  5 bats
  5 frilled lizards
  2 gnoll skeletons (Ossuary)
  2 goblin skeletons (Ossuary)
  33 kobolds
  A kobold skeleton (Ossuary)
  3 orc skeletons (Ossuary)
  7 rats
  11 rat skeletons (Ossuary)
358 creatures vanquished.

Vanquished Creatures (collateral kills)
  A black mamba (Lair:1)
  2 water moccasins (Lair:1)
  A kobold brigand (D:10)
  A kobold (D:10)
5 creatures vanquished.

Vanquished Creatures (others)
  11 fungi
  17 plants
28 creatures vanquished.

Grand Total: 391 creatures vanquished

Notes
Turn   | Place    | Note
-------+----------+-------------------------------------------
     0 | D:1      | paterick123 the Spriggan Hunter began the quest for the
                  | Orb.
     0 | D:1      | Reached XP level 1. HP: 10/10 MP: 2/2
   216 | D:1      | Reached skill level 5 in Bows
   221 | D:1      | Reached XP level 2. HP: 14/14 MP: 3/3
   248 | D:1      | Found a faded altar of an unknown god.
   288 | D:1      | Prayed at the altar of an unknown god.
   288 | D:1      | Became a worshipper of Nemelex Xobeh the Trickster
   288 | D:1      | Reached * piety under Nemelex Xobeh
   548 | D:1      | Received a gift from Nemelex Xobeh
   665 | D:1      | Reached XP level 3. HP: 18/18 MP: 4/4
   674 | D:1      | Reached skill level 6 in Bows
  1439 | D:2      | Received a gift from Nemelex Xobeh
  1487 | D:2      | Reached ** piety under Nemelex Xobeh
  1682 | D:2      | Found a broken altar of Ashenzari.
  2057 | D:2      | Found Jaut Hoa's Antique Weapon Shoppe.
  2067 | D:2      | Noticed Terence
  2108 | D:2      | Killed Terence
  2109 | D:2      | Reached XP level 4. HP: 22/22 MP: 5/5
  2418 | D:2      | Found a runed translucent door.
  2419 | D:2      | Noticed Crazy Yiuf
  2504 | D:2      | Killed Crazy Yiuf
  2505 | D:2      | Reached skill level 7 in Bows
  2818 | D:3      | Reached XP level 5. HP: 19/25 MP: 6/6
  3072 | D:3      | Reached skill level 8 in Bows
  3447 | D:3      | Received a gift from Nemelex Xobeh
  3505 | D:3      | Found a blossoming altar of Fedhas.
  3717 | D:3      | Identified the ring "Takefes" {rElec rPois Will- EV+4
                  | Dex+7}
  3751 | D:3      | Found an ornate altar of the Wu Jian Council.
  3962 | D:4      | Noticed Robin
  3990 | D:4      | Killed Robin
  4132 | D:3      | Reached XP level 6. HP: 30/30 MP: 7/7
  4284 | D:4      | Found a transporter.
  4292 | D:4      | Found a transporter.
  4293 | D:4      | Noticed Esekla's ghost (amateur OpDe)
  4365 | D:4      | Reached *** piety under Nemelex Xobeh
  4387 | D:4      | Reached skill level 9 in Bows
  4391 | D:4      | Received a gift from Nemelex Xobeh
  4392 | D:4      | Noticed Edmund
  4435 | D:4      | Killed Edmund
  4584 | D:4      | Noticed Natasha
  4587 | D:4      | Killed Natasha
  4843 | D:4      | Reached skill level 10 in Bows
  4843 | D:4      | Reached XP level 7. HP: 33/33 MP: 8/8
  5047 | D:4      | Noticed Natasha
  5053 | D:4      | Killed Natasha
  5196 | D:4      | Reached skill level 11 in Bows
  5305 | D:5      | Entered Level 5 of the Dungeon
  5625 | D:5      | Reached skill level 1 in Invocations
  5946 | D:5      | Reached XP level 8. HP: 39/39 MP: 10/10
  6126 | D:5      | Noticed Pikel
  6188 | D:5      | Killed Pikel
  6189 | D:5      | Reached skill level 5 in Dodging
  6430 | D:5      | Received a gift from Nemelex Xobeh
  6439 | D:5      | Reached skill level 12 in Bows
  6648 | D:5      | Reached XP level 9. HP: 44/44 MP: 12/12
  6670 | D:5      | Noticed Blork the orc
  6688 | D:5      | Killed Blork the orc
  6781 | D:5      | Noticed Eustachio
  6783 | D:5      | Killed Eustachio
  7143 | D:6      | Reached skill level 5 in Invocations
  7563 | D:6      | Reached **** piety under Nemelex Xobeh
  7565 | D:6      | Found a sand-covered staircase.
  7570 | Ossuary  | Entered an ossuary
  8252 | D:6      | Reached skill level 5 in Fighting
  8376 | D:7      | Received a gift from Nemelex Xobeh
  8464 | D:7      | Reached skill level 13 in Bows
  8654 | D:7      | Reached XP level 10. HP: 51/51 MP: 15/15
  8657 | D:7      | Received a gift from Nemelex Xobeh
  8919 | D:7      | Found a staircase to the Ecumenical Temple.
  9271 | D:8      | Found a staircase to the Lair.
  9768 | D:8      | Noticed a skeletal warrior
  9768 | D:8      | Noticed a cyclops
  9768 | D:8      | Noticed a cyclops
 10289 | D:8      | Noticed Maurice
 10309 | D:8      | Killed Maurice
 10500 | D:8      | Received a gift from Nemelex Xobeh
 10512 | D:8      | Reached ***** piety under Nemelex Xobeh
 10512 | D:8      | Noticed a cyclops
 10512 | D:8      | Noticed a gargoyle
 10513 | D:8      | Noticed a centaur warrior
 10522 | D:8      | Noticed a deep elf pyromancer
 10791 | D:9      | Reached skill level 14 in Bows
 10836 | D:9      | Reached skill level 10 in Dodging
 10849 | D:9      | Found a staircase to the Orcish Mines.
 10974 | D:9      | Reached XP level 11. HP: 56/56 MP: 17/17
 11246 | D:9      | Noticed a two-headed ogre
 11265 | D:9      | Killed a two-headed ogre
 11601 | D:9      | Received a gift from Nemelex Xobeh
 11697 | D:9      | You fall into a shaft and drop 1 floor!
 11697 | D:10     | Entered Level 10 of the Dungeon
 11913 | D:9      | Found a white marble altar of Elyvilon.
 12041 | Lair:1   | Entered Level 1 of the Lair of Beasts
 12234 | Lair:1   | Received a gift from Nemelex Xobeh
 12783 | Lair:1   | Reached skill level 15 in Bows
 13007 | Lair:1   | Received a gift from Nemelex Xobeh
 14170 | Lair:2   | Reached XP level 12. HP: 62/62 MP: 19/19
 14319 | Lair:3   | Received a gift from Nemelex Xobeh
 14392 | Lair:3   | Noticed a catoblepas
 14454 | Lair:3   | Killed a catoblepas
 14664 | Lair:3   | Identified the +3 dagger "Socsoll" {holy, rF- Int+7}
 14824 | Lair:3   | Found a staircase to the Swamp.
 15053 | Lair:3   | Found a staircase to the Snake Pit.
 15118 | Lair:3   | Reached skill level 16 in Bows
 15147 | Lair:3   | Killed by an exploding killer bee... ignited by their inner
                  | flame

Illustrated notes

Levels and vault maps discovered:
D:1:      tarquinn_simple_flora_water_f, layout_basic,
          hellmonk_ecumenical_altar_pennies_from_heaven, lexackson_kobold_supper
D:2:      layout_basic, serial_shops, nicolae_square_shop, basic_altar,
          uniq_terence, uniq_crazy_yiuf_cottage
D:3:      layout_loops_ring, fedhas_altar_1, nicolae_wu_jian_wuxing_cycle,
          nicolae_figureground_pulse
D:4:      layout_gridville, gammafunk_ghost_mausoleum,
          minmay_misc_feat_ornament, minmay_mini_jars, uniq_robin, uniq_edmund,
          uniq_natasha
D:5:      layout_loops_cross, chequers_serial_rivers_micro_e, minivault_24,
          minmay_misc_feat_rows, grunt_ministairs_2, uniq_pikel,
          uniq_blork_the_orc, uniq_eustachio
D:6:      layout_rooms, nicolae_ossuary_entry_ruins
D:7:      layout_loops_ring, minmay_temple_entry_stoned_glass
D:8:      layout_basic, dpeg_oklobed_lair, st_stairs_13, dk_noncrumbling_4,
          minivault_12, uniq_maurice
D:9:      layout_irregular_city, lemuel_tele_altar, david_orc_3
D:10:     layout_basic
Lair:1:   layout_cellular_growth
Lair:2:   layout_chaotic_city
Lair:3:   layout_gridlike, swamp_mist_pool, dummy_snake_entry, special_room
          [special_room_bee], kennysheep_rathole

Skill      XL: |  1  2  3  4  5  6  7  8  9 10 11 12 |
---------------+-------------------------------------+-----
Bows           | 5 6 7 8 10 11 12 13 14 15 16 | 16.0
Dodging        | 3 5 8 10 12 13 | 13.2
Fighting       | 2 3 5 6 7 |  7.1
Invocations    | 1 3 5 7 8 9 |  9.2
Stealth        | |  1.7

Action                   |  1- 3 |  4- 6 |  7- 9 | 10-12 || total
-------------------------+-------+-------+-------+-------++-------
Melee: Short sword       |       |     2 |       |       ||     2
 Fire: Shortbow          |    97 |   193 |   373 |   703 ||  1366
Invok: Draw Destruction  |       |       |     2 |    10 ||    12
       Draw Escape       |       |       |       |     2 ||     2
       Draw Summoning    |       |       |       |     2 ||     2
       Triple Draw       |       |       |       |     3 ||     3
       Deal Four         |       |       |       |     1 ||     1
  Use: Scroll            |     3 |     6 |    11 |     6 ||    26
       Potion            |       |       |       |     2 ||     2
Armor: Robe              |       |     2 |     1 |     4 ||     7
Dodge: Dodged            |     4 |     7 |    29 |   105 ||   145
Block: Other             |       |     9 |     4 |    11 ||    24
       Reflection        |       |       |       |     1 ||     1

Table legend: (Time is in decaauts)
 A = Elapsed time spent in this place.
 B = Non-inter-level travel time spent in this place.
 C = Inter-level travel time spent in this place.
 D = Time resting spent in this place.
 E = Time spent auto-exploring this place.
 F = Levels seen in this place.
 G = Mean time per level.
                   A        B        C        D        E       F      G
               +--------+--------+--------+--------+--------+-----+--------+
         Total |  10674 |  10343 |    331 |   2495 |   4539 |  14 |  762.4 |
       Dungeon |   8061 |   7795 |    266 |   1918 |   3524 |  10 |  806.1 |
          Lair |   2092 |   2028 |     64 |    377 |    972 |   3 |  697.3 |
       Ossuary |    519 |    519 |      0 |    200 |     42 |   1 |  519.0 |
               +--------+--------+--------+--------+--------+-----+--------+

Top non-repeatable levels by time:
     D:4: 1151 daAuts
     D:5: 1069 daAuts
     D:8: 1063 daAuts
     D:3: 1005 daAuts
     D:2: 943 daAuts
     D:1: 870 daAuts
  Lair:1: 865 daAuts
     D:9: 852 daAuts
  Lair:2: 653 daAuts
  Lair:3: 573 daAuts
     D:7: 562 daAuts
 Ossuary: 519 daAuts
     D:6: 511 daAuts
    D:10: 33 daAuts
